 Dungeon Crawl Stone Soup version 0.30.1-11-g7821555f0a (webtiles) character file.

Game seed: 13115173239371690972

14676 Peloso the Carver (level 11, 0/100 HPs)
             Began as a Minotaur Fighter on Jan 7, 2024.
             Was an Elder of Okawaru.
             Slain by a gnoll sergeant
             ... wielding a +1 heavy trident
              (15 damage)
             ... on level 11 of the Dungeon.
             The game lasted 00:20:32 (8830 turns).

Peloso the Carver (Minotaur Fighter)                Turns: 8830, Time: 00:20:32

Health: 0/100      AC: 17    Str: 21    XL:     11   Next: 91%
Magic:  10/12      EV: 12    Int:  5    God:    Okawaru [****..]
Gold:   704        SH: 11    Dex: 14    Spells: 10/10 levels left

rFire   . . .        a - +3 scimitar (flame)
rCold   . . .        d - +0 kite shield
rNeg    . . .        G - +0 plate armour
rPois   .            (helmet restricted)
rElec   .            (no cloak)
rCorr   .            i - +0 pair of gloves
SInv    .            (no boots)
Will    .....        g - amulet of regeneration Stlth
                     A - +5 ring of evasion
HPRegen 1.16/turn    (no ring)
MPRegen 0.13/turn

%: no passive effects
@: no status effects
A: horns 2, retaliatory headbutt
a: Renounce Religion, Heroism, Finesse


You were on level 11 of the Dungeon.
You worshipped Okawaru.
Okawaru was greatly pleased with you.
You visited 2 branches of the dungeon, and saw 12 of its levels.
You visited the Abyss 1 time.
You also visited: Ossuary.

You collected 704 gold pieces.

Inventory:

Hand Weapons
 a - a +3 scimitar of flaming (weapon)
 b - a +1 long sword
Armour
 c - a +0 scale mail
 d - a +0 kite shield (worn)
 i - a +0 pair of gloves (worn)
 j - a +0 chain mail
 G - a +0 plate armour (worn)
Jewellery
 g - an amulet of regeneration (around neck)
 w - a ring of magical power
 A - a +5 ring of evasion (left hand)
 C - a ring of fire
 L - an amulet of faith
 M - a ring of protection from fire
Wands
 H - a wand of digging (8)
 O - a wand of acid (5)
Scrolls
 e - 2 scrolls of immolation
 f - 2 scrolls of identify
 h - a scroll of fear
 m - 3 scrolls of magic mapping
 n - 2 scrolls of enchant weapon
 s - a scroll of blinking
 t - 4 scrolls of noise
 u - a scroll of amnesia
 x - a scroll of poison
 y - a scroll of fog {unknown}
 z - a scroll of summoning {unknown}
 D - a scroll of acquirement {unknown}
 E - a scroll of brand weapon {unknown}
 N - a scroll of enchant armour {unknown}
Potions
 k - 5 potions of might
 l - a potion of magic
 o - a potion of flight
 q - 6 potions of curing
 r - 2 potions of attraction {unknown}
 v - a potion of resistance {unknown}
 B - 4 potions of brilliance {unknown}
 I - 2 potions of mutation {unknown}
 K - a potion of invisibility {unknown}
Miscellaneous
 J - a phantom mirror


   Skills:
 + Level 10.2 Fighting
 + Level 14.0 Long Blades
 + Level 12.0 Armour
 + Level 3.7 Dodging
 + Level 1.0 Stealth
 + Level 10.3 Shields
 + Level 2.7 Invocations
 + Level 0.1 Evocations


You had 10 spell levels left.
You didn't know any spells.
Your spell library contained the following spells:

 Spells                   Type           Power      Damage    Failure   Level
 Foxfire                  Conj/Fire      0%         2x1d4     100%        1
 Blink                    Tloc           0%         N/A       100%        2
 Cigotuvi's Dreadful Rot  Necr/Pois/Air  0%         N/A       100%        2
 Lesser Beckoning         Tloc           0%         N/A       100%        2
 Momentum Strike          Conj/Tloc      0%         3d8       100%        2
 Static Discharge         Conj/Air       0%         2-2/arc   100%        2
 Sublimation of Blood     Necr           0%         N/A       100%        2
 Wereblood                Tmut           0%         N/A       100%        2
 Ignite Poison            Fire/Tmut/Pois 0%         N/A       100%        3
 Vhi's Electric Charge    Tloc/Air       0%         N/A       100%        3
 Airstrike                Air            0%         2d(0-16)  100%        4
 Manifold Assault         Tloc           0%         N/A       100%        4
 Arcjolt                  Conj/Air       0%         1d10      100%        5
 Fireball                 Conj/Fire      0%         3d3       100%        5
 Freezing Cloud           Conj/Ice/Air   0%         6-21      100%        5
 Dispersal                Tloc           0%         N/A       100%        6
 Eringya's Noxious Bog    Tmut/Pois      0%         N/A       100%        6
 Plasma Beam              Fire/Air       0%         2x1d11    100%        6
 Starburst                Conj/Fire      0%         6d3       100%        6
 Disjunction              Tloc           0%         N/A       100%        8
 Summon Lightning Spire   Summ/Air       Unusable   N/A       N/A         4
 Summon Forest            Summ/Tloc      Unusable   N/A       N/A         5
 Summon Hydra             Summ           Unusable   N/A       N/A         7

Dungeon Overview and Level Annotations

Branches:
Dungeon (11/15)            Temple (1/1) D:4            Lair (0/5) D:10
    Orc (0/2) D:11        Ossuary (visited)

Altars:
Ashenzari
Cheibriados
Dithmenos
Elyvilon
Fedhas
Gozag
Kikubaaqudgha
Makhleb
Nemelex Xobeh
Okawaru
Qazlal
Ru
Sif Muna
Trog
Uskayaw
Xom
Zin
The Shining One

Shops:
D:3 (   D:4 (

Annotations:
D:11 Maurice


Innate Abilities, Weirdness & Mutations

You have a pair of horns on your head.
You reflexively headbutt those who attack you in melee.


Message History

Maurice is almost dead.
The gnoll hits you from afar with a +0 halberd.
* * * LOW HITPOINT WARNING * * *
You block the cyan ugly thing's attack.
Maurice casts a spell.
Maurice flickers and vanishes!
Deactivating autopickup; reactivate with Ctrl-A.
You block the gnoll sergeant's attack.
You hit something. You burn something. The cyan ugly thing stings you.
* * * LOW HITPOINT WARNING * * *
The cyan ugly thing shocks you!
* * * LOW HITPOINT WARNING * * *
The gnoll closely misses you.
You block the skeletal warrior's attack.
You block something's attack.
Okay, then.
Blink to where?
Press: ? - help, Dir - move target
As you read the scroll of blinking, it crumbles to dust.
The gnoll attacks as you move away! The gnoll closely misses you.
You furiously retaliate!
You headbutt the gnoll.
The gnoll throws a throwing net.
The throwing net hits you.
You become entangled in the net!
You see here a throwing net.
You struggle against the net.
You hear some strange, mumbled words.
You struggle against the net.
The gnoll hits you but does no damage. The gnoll sergeant closely misses you.
The gnoll hits you but does no damage.
You struggle against the net.
The gnoll hits you but does no damage. The gnoll completely misses you.
You struggle against the net.
The gnoll sergeant hits you from afar with a +1 heavy trident.
* * * LOW HITPOINT WARNING * * *
The gnoll hits you with a +0 club.
* * * LOW HITPOINT WARNING * * *
You rip the net and break free!
You feel like a meek peon again. The gnoll misses you.
You block the gnoll's attack.
The gnoll sergeant hits you from afar with a +1 heavy trident!
You die...

#.............##.....○eu.E...#
#......######.##.##Q##.##.##.#
#......#....'.#####z#####.##.#
#......#....#.## #.).##....###
#......#....#..####§########
#......######...###)#######
#..............g...........
#............ggz...........
#..........>.@ugQ..........
#...........########.......
#..#######..+ ....... #.. #..+
....... #. #..# ....... #..#
....... #..# . #..#


You could see a cyan ugly thing, a skeletal warrior, a tengu conjurer, a gnoll
sergeant and 3 gnolls.

Vanquished Creatures
  Erolcha (D:9)
  A centaur warrior (D:11)
  2 two-headed ogres
  2 boulder beetles
  A tengu warrior (D:11)
  A deep elf pyromancer (D:11)
  An oklob plant (D:10)
  2 cyclopes (D:11)
  Joseph (D:9)
  A komodo dragon (D:11)
  2 efreet (D:11)
  Psyche (D:11)
  2 kobold demonologists
  A tengu conjurer (D:11)
  A troll (D:10)
  A meliai (D:11)
  Prince Ribbit (D:7)
  A shadow (D:10)
  A wyvern (D:10)
  3 wraiths
  6 yaks (D:9)
  A culicivora (shapeshifter) (D:11)
  4 vampire mosquitoes (D:11)
  2 steam dragons
  Menkaure (D:4)
  An acid dragon (D:11)
  2 water moccasins
  Duvessa (D:4)
  2 orc warriors (D:8)
  An ice beast (D:6)
  2 sky beasts
  2 ogres
  3 centaurs
  2 phantoms (D:5)
  2 bullfrogs
  A gnoll sergeant (D:6)
  2 scorpions (D:7)
  7 water moccasin zombies (Ossuary)
  Dowan (D:4)
  5 killer bees (D:9)
  3 howler monkeys
  6 electric eels (D:8)
  A jelly (D:5)
  7 hounds
  A gnoll bouda (D:9)
  3 orc priests
  Terence (D:3)
  2 iguanas
  9 orc wizards
  2 mummies (Ossuary)
  14 gnolls
  4 adders
  4 white imps
  An ufetubus (D:5)
  An adder zombie (Ossuary)
  5 dart slugs
  26 orcs
  8 ball pythons
  5 bats
  7 endoplasms
  4 giant cockroaches (D:2)
  2 goblins
  4 hobgoblins
  4 jackals (D:1)
  8 quokkas
  2 frilled lizards (D:1)
  5 gnoll zombies (Ossuary)
  A goblin zombie (D:5)
  6 hobgoblin zombies (Ossuary)
  15 kobolds
  6 kobold zombies (Ossuary)
  6 orc zombies (Ossuary)
  A quokka zombie (D:5)
  7 rats
256 creatures vanquished.

Notes
Turn   | Place    | Note
-------+----------+-------------------------------------------
     0 | D:1      | Peloso the Minotaur Fighter began the quest for the Orb.
     0 | D:1      | Reached XP level 1. HP: 19/19 MP: 0/0
    86 | D:1      | Reached XP level 2. HP: 22/27 MP: 1/1
   275 | D:1      | Reached skill level 3 in Long Blades
   428 | D:1      | Reached XP level 3. HP: 25/33 MP: 2/2
   849 | D:2      | Reached XP level 4. HP: 40/40 MP: 3/3
  1129 | D:2      | Found a faded altar of an unknown god.
  1336 | D:3      | Reached skill level 1 in Dodging
  1460 | D:3      | Found Zebuul's Antique Weapon Shop.
  1502 | D:3      | Noticed Terence
  1512 | D:3      | Killed Terence
  1723 | D:4      | Reached skill level 4 in Long Blades
  1723 | D:4      | Reached XP level 5. HP: 46/47 MP: 4/4
  1770 | D:4      | Reached skill level 5 in Armour
  1777 | D:4      | Noticed Menkaure
  1788 | D:4      | Killed Menkaure
  1789 | D:4      | Reached XP level 6. HP: 13/53 MP: 5/5
  1831 | D:4      | Found a staircase to the Ecumenical Temple.
  1833 | D:4      | Found Keqisk's Weapon Emporium.
  1880 | D:4      | Reached skill level 5 in Long Blades
  1900 | Temple   | Entered the Ecumenical Temple
  1906 | Temple   | Became a worshipper of Warmaster Okawaru
  2066 | D:4      | Found a bloodstained altar of Trog.
  2066 | D:4      | Noticed Duvessa
  2066 | D:4      | Noticed Dowan
  2072 | D:4      | Killed Duvessa
  2078 | D:4      | Killed Dowan
  2079 | D:4      | Reached XP level 7. HP: 46/60 MP: 6/6
  2095 | D:4      | Found a white marble altar of Elyvilon.
  2276 | D:4      | Found a snail-covered altar of Cheibriados.
  2418 | D:5      | Entered Level 5 of the Dungeon
  2439 | D:5      | Found a sand-covered staircase.
  2447 | Ossuary  | Entered an ossuary
  2487 | Ossuary  | Reached skill level 5 in Fighting
  2487 | Ossuary  | Reached skill level 6 in Long Blades
  2507 | Ossuary  | Reached * piety under Okawaru
  2531 | Ossuary  | Reached skill level 5 in Shields
  2600 | Ossuary  | Reached skill level 7 in Long Blades
  2798 | D:5      | Reached XP level 8. HP: 65/69 MP: 7/7
  2803 | D:5      | Reached skill level 8 in Long Blades
  2805 | D:5      | Reached ** piety under Okawaru
  3040 | D:5      | Found an ancient bone altar of Kikubaaqudgha.
  3422 | D:6      | Reached skill level 9 in Long Blades
  3480 | D:6      | Found a hide-covered altar of Uskayaw.
  3679 | D:6      | Found a burning altar of Makhleb.
  4169 | D:7      | Noticed Prince Ribbit
  4175 | D:7      | Killed Prince Ribbit
  4176 | D:7      | Reached XP level 9. HP: 64/78 MP: 5/8
  4518 | D:7      | Reached skill level 10 in Long Blades
  4825 | D:7      | Reached *** piety under Okawaru
  5671 | D:8      | Noticed a boulder beetle
  5683 | D:8      | Killed a boulder beetle
  5684 | D:8      | Reached skill level 11 in Long Blades
  5684 | D:8      | Reached XP level 10. HP: 42/88 MP: 6/9
  6001 | D:9      | Noticed a sun demon
  6009 | D:9      | HP: 4/88 [sun demon[a kobold demonologist] (15)]
  6193 | D:9      | Noticed Erolcha
  6199 | Abyss:1  | Cast into level 1 of the Abyss (Erolcha)
  6205 | D:9      | Escaped the Abyss
  6220 | D:9      | Killed Erolcha
  6221 | D:9      | Reached skill level 1 in Invocations
  6296 | D:9      | Noticed Joseph
  6517 | D:9      | Reached **** piety under Okawaru
  6531 | D:9      | Reached skill level 10 in Armour
  6548 | D:9      | Reached skill level 12 in Long Blades
  6548 | D:9      | Reached skill level 1 in Stealth
  6828 | D:9      | Killed Joseph
  7267 | D:10     | Entered Level 10 of the Dungeon
  7326 | D:10     | Found a staircase to the Lair.
  7326 | D:10     | Noticed an oklob plant
  7433 | D:10     | Noticed a two-headed ogre
  7442 | D:10     | Killed a two-headed ogre
  7443 | D:10     | Reached XP level 11. HP: 58/95 MP: 8/11
  7558 | D:10     | Reached skill level 13 in Long Blades
  7593 | D:10     | Found a glowing golden altar of the Shining One.
  8000 | D:10     | Killed an oklob plant
  8000 | D:10     | Received a gift from Okawaru
  8198 | D:11     | Noticed a boulder beetle
  8236 | D:11     | HP: 4/97 [boulder beetle (19)]
  8246 | D:11     | Killed a boulder beetle
  8308 | D:11     | Noticed a two-headed ogre
  8320 | D:11     | Killed a two-headed ogre
  8351 | D:11     | Found a staircase to the Orcish Mines.
  8423 | D:11     | Noticed Psyche
  8432 | D:11     | Killed Psyche
  8480 | D:11     | Noticed Maurice
  8760 | D:11     | Noticed a centaur warrior
  8764 | D:11     | Noticed a tengu warrior
  8774 | D:11     | Killed a tengu warrior
  8775 | D:11     | Reached skill level 10 in Fighting
  8775 | D:11     | Reached skill level 10 in Shields
  8777 | D:11     | Killed a centaur warrior
  8795 | D:11     | Noticed a skeletal warrior
  8795 | D:11     | Noticed a cyan ugly thing
  8795 | D:11     | Noticed a deep elf pyromancer
  8817 | D:11     | Killed a deep elf pyromancer
  8818 | D:11     | Reached skill level 14 in Long Blades
  8830 | D:11     | Slain by a gnoll sergeant

Illustrated notes

Levels and vault maps discovered:
D:1:      giann_wishing_wells, layout_basic, minmay_crystal_water,
          minmay_hexomino_p4
D:2:      layout_rooms, shapermc_ecumenical_altar_venn, serial_park_tiny_pond
D:3:      layout_basic, serial_shops, nicolae_shop_window_shopping,
          minivault_23, hangedman_decor_points, uniq_terence
D:4:      layout_loops_ring, elyvilon_altar_4, kennysheep_slug_shrine,
          trog_book, minmay_temple_entry_overgrown, serial_shops,
          nicolae_shop_peninsula, minmay_cut_off, uniq_menkaure, uniq_duvessa
D:5:      layout_basic, mainiacjoe_overflow_cross_hatched, enter_ossuary_4
D:6:      layout_loops_ring, makhleb_blood_cavern_becter,
          mainiacjoe_overflow_24_doors
D:7:      layout_loops_ring, uniq_prince_ribbit1
D:8:      layout_basic, serial_bayou_lake_a
D:9:      layout_irregular_city, uniq_erolcha, uniq_joseph
D:10:     layout_basic, general_overflow_altar, dpeg_oklobed_lair,
          minmay_unpleasant_kobolds
D:11:     hangedman_cross_veins, layout_irregular_city, orc_0_dummy,
          serial_column_ruins, column_ruins_square_large,
          column_ruins_hut_pillars, column_ruins_open_small,
          column_ruins_open_small, column_ruins_corridor_straight,
          column_ruins_grid_1, minmay_liquid_box, uniq_maurice, uniq_psyche
Temple:   hellmonk_temple_two_chambers

Skill      XL: |  1  2  3  4  5  6  7  8  9 10 11 |
---------------+----------------------------------+-----
Armour         | 4 5 6 8 9 10 12 | 12.0
Fighting       | 4 5 6 8 10 | 10.2
Long Blades    | 3 4 5 7 9 11 12 14 | 14.0
Shields        | 4 5 6 7 9 10 | 10.3
Dodging        | 1 2 3 |  3.7
Invocations    | 1 2 |  2.7
Stealth        | 1 |  1.0
Evocations     | |  0.1

Action                     |  1- 3 |  4- 6 |  7- 9 | 10-12 || total
---------------------------+-------+-------+-------+-------++-------
  Melee: Long sword        |    79 |    88 |   467 |   344 ||   978
         Headbutt          |     9 |    17 |   117 |    99 ||   242
         Scimitar          |       |       |       |    38 ||    38
 Invoke: Heroism           |       |       |     5 |    18 ||    23
  Evoke: Wand              |       |       |       |     1 ||     1
    Use: Scroll            |       |     3 |     6 |     7 ||    16
         Potion            |       |     3 |     1 |     3 ||     7
 Armour: Scale mail        |    67 |       |       |       ||    67
         Chain mail        |       |    40 |   175 |       ||   215
         Plate armour      |       |       |    14 |   144 ||   158
  Dodge: Dodged            |    56 |    43 |   130 |   180 ||   409
  Block: Buckler           |    26 |    26 |    50 |       ||   102
         Kite shield       |       |       |    65 |   236 ||   301
